Map: Data-C

Players

Dolan

  • Race: Terran Terran
  • Spawn Location: 9:00

Zain - Winner!

  • Race: Protoss Protoss
  • Spawn Location: 3:00

Event: DreamHack SC2 Masters 2022 Atlanta (Offline)

VOD

Have the link to the VOD?

Description

Time

  • Played on: Nov. 18, 2022, 11:32 a.m.
  • Length: 5:42

All games in this series

Show
View Real Time Build Order
Export as new Build Order

Dolan Terran 

Build Orders:  

Get SALT Encoding   

  12  0:00  SCV  
  13  0:12  SCV  
  14  0:17  Supply Depot  
  14  0:24  SCV  
  15  0:40  Barracks  
  15  0:49  Barracks  
  15  1:03  Barracks  
  15  1:09  SCV  
  16  1:17  Supply Depot  
  16  1:27  Marine  
  17  1:37  Marine  
  18  1:40  Orbital Command  
  18  1:50  Marine x2  
  20  1:54  Marine  
  21  2:07  SCV, Marine  
  21  2:08  Marine  
  24  2:22  Marine  
  24  2:26  Marine  
  26  2:37  Marine  
  26  2:43  Marine  
  28  2:49  Marine  
  24  3:09  Marine x2  
  10  3:42  Marine  
  10  3:43  Marine x2  
  8  4:00  Marine  
  9  4:09  Marine x2  
  11  4:18  Marine  
  13  4:32  Marine x2  
  14  4:40  Marine  
  15  4:52  Marine  
  16  4:58  Marine  
  16  5:10  Marine  
  16  5:16  Marine  
Show
View Real Time Build Order
Export as new Build Order

Zain Protoss - Winner!

Build Orders: 1 Gate Expand 

Get SALT Encoding   

  12  0:00  Probe  
  13  0:12  Probe  
  14  0:18  Pylon  
  14  0:24  Probe (Chrono Boost)  
  15  0:36  Probe (Chrono Boost)  
  15  0:37  Gateway  
  16  0:44  Probe (Chrono Boost)  
  16  0:46  Assimilator  
  17  0:51  Probe  
  18  1:03  Probe  
  19  1:15  Probe  
  20  1:24  Cybernetics Core  
  20  1:34  Nexus  
  20  1:41  Pylon  
  20  1:44  Probe  
  21  1:52  Assimilator  
  20  1:56  Probe  
  20  1:57  Adept (Chrono Boost)  
  23  2:03  Warp Gate  
  23  2:09  Probe  
  24  2:17  Adept (Chrono Boost)  
  26  2:23  Probe  
  27  2:30  Twilight Council  
  27  2:35  Probe  
  28  2:39  Shield Battery  
  28  2:43  Stalker  
  30  2:45  Shield Battery  
  8  3:58  Stalker  
  6  4:11  Probe  
  7  4:28  Probe (Chrono Boost)  
  8  4:41  Probe (Chrono Boost)  
  9  4:56  Probe (Chrono Boost)  
  10  5:37  Stalker  
Tags
 
Add a new tag
Caveats
  • Supply blocks, unpowered buildings, or Contaminate may cause inaccurate times.
  • Supply counts are checked every 10 seconds.